 Dungeon Crawl Stone Soup version 0.30-a0-918-g0ff054e9dc (webtiles) character file.

Game seed: 2628170053029664219

60 cforsyth the Shield-Bearer (level 4, -5/35 HPs)
             Began as a Human Fighter on Mar 21, 2023.
             Succumbed to a kobold's poison
             ... on level 3 of the Dungeon.
             The game lasted 00:02:20 (1403 turns).

cforsyth the Shield-Bearer (Human Fighter)          Turns: 1403, Time: 00:02:21

Health: -5/35      AC: 10    Str: 18    XL:     4   Next: 25%
Magic:  4/4        EV:  6    Int:  9    God:
Gold:   194        SH:  4    Dex: 12    Spells: 3/3 levels left

rFire   . . .      SeeInvis .    a - +0 flail
rCold   . . .      Faith    .    c - +0 buckler
rNeg    . . .      Spirit   .    h - +0 chain mail
rPois   .          Reflect  .    (no helmet)
rElec   .          Rampage  .    (no cloak)
rCorr   .                        f - +0 pair of gloves
Will    .....                    (no boots) Stlth
                                 (no amulet)
HPRegen 0.25/turn                (no ring)
MPRegen 0.09/turn                (no ring)

@: lethally poisoned (-5 -> -27)
A: no striking features
a: no special abilities


You were on level 3 of the Dungeon.
You visited 1 branch of the dungeon, and saw 3 of its levels.

You collected 194 gold pieces.

Inventory:

Hand Weapons
 a - a +0 flail (weapon)
Armour
 b - a +0 scale mail
 c - a +0 buckler (worn)
 f - a +0 pair of gloves (worn)
 h - a +0 chain mail (worn)
Wands
 n - a wand of charming (8)
Scrolls
 g - 3 scrolls of identify {unknown}
 j - 2 scrolls of teleportation {unknown}
 l - a scroll of fog {unknown}
 m - a scroll of blinking {unknown}
 p - a scroll of butterflies {unknown}
 r - a scroll of torment {unknown}
 s - a scroll of amnesia {unknown}
 t - a scroll of fear {unknown}
Potions
 d - a potion of might
 e - 2 potions of lignification {unknown}
 i - a potion of invisibility {unknown}
 k - a potion of curing {unknown}
 o - 2 potions of magic {unknown}
 q - a potion of heal wounds {unknown}


   Skills:
 + Level 3.5 Fighting
 + Level 2.6 Maces & Flails
 + Level 3.5 Armour
 + Level 3.5 Shields


You had 3 spell levels left.
You didn't know any spells.
Your spell library contained the following spells:

 Spells                   Type           Power      Damage    Failure   Level
 Beastly Appendage        Tmut           0%         N/A       100%        1
 Wereblood                Tmut           0%         N/A       100%        2
 Spider Form              Tmut/Pois      0%         N/A       100%        3


Dungeon Overview and Level Annotations

Branches:
Dungeon (3/15)

Altars:

Shops:
D:1 [((*   D:2 ?


Message History

The kobold barely misses you.
You closely miss the kobold.
You feel very sick. The kobold hits you but does no damage.
You are more poisoned.
You barely miss the kobold.
You feel very sick. The kobold hits you but does no damage.
You closely miss the kobold.
You feel very sick. You block the kobold's attack.
You barely miss the kobold.
You feel sick. You block the kobold's attack. x2
You barely miss the kobold.
You feel sick. The kobold hits you but does no damage.
You are more poisoned.
You barely miss the kobold.
You feel very sick. The kobold hits you but does no damage.
You are lethally poisoned!
You are too injured to fight recklessly!
You are too injured to fight recklessly!
You are too injured to fight recklessly!
You are too injured to fight recklessly!
You are too injured to fight recklessly!
You are too injured to fight recklessly!
You are too injured to fight recklessly!
You barely miss the kobold.
* * * LOW HITPOINT WARNING * * *
You feel very sick. The kobold hits you but does no damage.
You are more poisoned.
The kobold hits you but does no damage.
You are more poisoned.
You barely miss the kobold.
* * * LOW HITPOINT WARNING * * *
You feel extremely sick. You block the kobold's attack.
You hit the kobold.
You kill the kobold!
You die...

#####....#
####........#
............#
#.........#
#.........#####
#.........'...#
####.###.....###.#
.....# #....## #.#
.###.###....# #@#
...............).#
†....#############
.....# ..<..#
.....# .....#
.#.##.. .#.# .##


There were no monsters in sight!

Vanquished Creatures
  A gnoll (D:1)
  An adder (D:2)
  2 dart slugs
  3 ball pythons
  7 bats
  3 endoplasms
  2 giant cockroaches
  2 goblins
  4 hobgoblins
  4 quokkas
  5 frilled lizards
  3 kobolds
  A rat (D:2)
38 creatures vanquished.

Notes
Turn   | Place    | Note
-------+----------+-------------------------------------------
     0 | D:1      | cforsyth the Human Fighter began the quest for the Orb.
     0 | D:1      | Reached XP level 1. HP: 18/18 MP: 1/1
    56 | D:1      | Reached XP level 2. HP: 4/24 MP: 2/2
   273 | D:1      | Found Vetwogu's Weapon Emporium.
   287 | D:1      | Found Cizxipes's General Store.
   404 | D:1      | Reached XP level 3. HP: 15/29 MP: 3/3
   671 | D:1      | Found Dyehuk's Antique Weapon Shoppe.
   711 | D:1      | Found Kiuhumpa's Armour Emporium.
   921 | D:2      | Found Xetel's Magic Scroll Shoppe.
  1060 | D:2      | Reached XP level 4. HP: 35/35 MP: 4/4
  1063 | D:2      | Identified the +3 spear "Human's Doom" {vamp, +Blink MP+9}
  1403 | D:3      | Succumbed to a kobold's poison

Illustrated notes

Levels and vault maps discovered:
D:1:      minmay_arrival_plants_in_alcoves, layout_rooms, serial_shops,
          nicolae_shop_waterfront, nicolae_shop_crystal, shop, shop,
          minmay_misc_feat_four_crosses, nicolae_concentric_dashed_squares_wild,
          minmay_misc_feat_enclosed
D:2:      layout_loops_ring, serial_shops, shop, chequers_jeans, moated_statue,
          feat_on_display
D:3:      layout_basic, shapermc_ecumenical_altar_flowoftime

Action                     |  1- 3 |  4- 6 || total
---------------------------+-------+-------++-------
  Melee: Flail             |   109 |    31 ||   140
 Armour: Scale mail        |    47 |       ||    47
         Chain mail        |    15 |    21 ||    36
  Dodge: Dodged            |    49 |     8 ||    57
  Block: Buckler           |    33 |     8 ||    41

Table legend: (Time is in decaauts)
 A = Elapsed time spent in this place.
 B = Non-inter-level travel time spent in this place.
 C = Inter-level travel time spent in this place.
 D = Time resting spent in this place.
 E = Time spent auto-exploring this place.
 F = Levels seen in this place.
 G = Mean time per level.
                   A        B        C        D        E       F      G
               +--------+--------+--------+--------+--------+-----+--------+
         Total |   1448 |   1419 |     29 |      0 |   1071 |   3 |  482.7 |
       Dungeon |   1448 |   1419 |     29 |      0 |   1071 |   3 |  482.7 |
               +--------+--------+--------+--------+--------+-----+--------+

Top non-repeatable levels by time:
     D:1: 756 daAuts
     D:2: 637 daAuts
     D:3: 54 daAuts
